[Event "Queens Festival Europe 2022"]
[Site "Tornelo"]
[Date "2022.06.19"]
[Round "6.3"]
[White "Valiyeva, Asnad"]
[Black "Bakhshizada, Asnad"]
[Result "1-0"]
[ECO "D00"]
[WhiteElo "1237"]
[BlackElo "1052"]
[Annotator "NA RC"]
[PlyCount "87"]
[EventDate "2022.06.19"]
[EventType "swiss"]
[EventCountry "NET"]
[SourceTitle "playchess.com"]
[Source "ChessBase"]
[SourceQuality "1"]
[TimeControl "180+2"]

1. d4 d5 2. Bf4 Nf6 3. e3 Bf5 4. c4 e6 5. Nc3 c6 6. Qb3 Qc8 7. Nf3 Nbd7 8. Be2 h6 9. O-O Be7 10. h3 O-O 11. Rac1 Ne4 12. cxd5 Nxc3 13. Rxc3 exd5 14. Rfc1 Nf6 15. Bd3 Ne4 16. Bxe4 Bxe4 17. Nd2 Bf5 18. Qd1 Qd7 19. Nf3 Bb4 20. Rb3 Bd6 21. Bxd6 Qxd6 22. Rxb7 Rfb8 23. Qb3 Bc8 24. Rxb8 Rxb8 25. Qc3 Bb7 26. Ne5 Rc8 27. Nd3 Ba8 28. Nc5 Rb8 29. b3 Rc8 30. Qa5 Qe7 31. Nd3 Qd7 32. Qc5 f6 33. Nb4 Bb7 34. Qxa7 Ra8 35. Qc5 Rc8 36. a4 Ba8 37. Nxd5 Re8 38. Nb6 Qb7 39. Nxa8 Qxa8 40. Qxc6 Qb8 41. Qc4+ Kh7 42. b4 Rd8 43. b5 Qa8 44. Qb4 1-0

[Event "Queens Festival Europe 2022"]
[Site "Tornelo"]
[Date "2022.06.19"]
[Round "6.4"]
[White "Ismayil, Malak"]
[Black "Head, Louise"]
[Result "1-0"]
[ECO "B17"]
[WhiteElo "2001"]
[BlackElo "2025"]
[Annotator "NA RC"]
[PlyCount "107"]
[EventDate "2022.06.19"]
[EventType "swiss"]
[EventCountry "NET"]
[SourceTitle "playchess.com"]
[Source "ChessBase"]
[SourceQuality "1"]
[TimeControl "180+2"]

1. e4 c6 2. d4 d5 3. Nc3 dxe4 4. Nxe4 Nd7 5. Nf3 Ngf6 6. Nxf6+ Nxf6 7. h3 Bf5 8. Bf4 e6 9. Bd3 Bxd3 10. Qxd3 Be7 11. O-O O-O 12. c3 c5 13. Rad1 cxd4 14. Nxd4 a6 15. Qf3 Qa5 16. Qxb7 Nd5 17. Nc6 Qc5 18. b4 Qc4 19. Rd4 Qxc3 20. Rc1 Qb2 21. Rxd5 exd5 22. Nxe7+ Kh8 23. Nxd5 Qxa2 24. Ne3 Qd2 25. Rd1 Qe2 26. Bg3 Rae8 27. Rd7 Qa2 28. Bd6 Rg8 29. Rxf7 h6 30. Bc5 Rb8 31. Qf3 Rbd8 32. Qh5 Qe6 33. Rf3 Ra8 34. Bd4 Kh7 35. Nf5 a5 36. b5 Raf8 37. Qg4 Rxf5 38. Qxf5+ Qxf5 39. Rxf5 Rb8 40. b6 Kg6 41. Rxa5 Rb7 42. Ra7 Rb8 43. b7 Kf5 44. f4 g5 45. Be5 Rd8 46. b8=Q Rxb8 47. Bxb8 gxf4 48. Rf7+ Kg5 49. Rxf4 Kh5 50. g4+ Kg6 51. Kg2 Kg5 52. Kg3 h5 53. Rf5+ Kg6 54. Rxh5 1-0

[Event "Queens Festival Europe 2022"]
[Site "Tornelo"]
[Date "2022.06.19"]
[Round "6.4"]
[White "Bordin, Silvia"]
[Black "Can, Isil"]
[Result "1-0"]
[ECO "C47"]
[WhiteElo "1991"]
[BlackElo "1901"]
[Annotator "NA RC"]
[PlyCount "77"]
[EventDate "2022.06.19"]
[EventType "swiss"]
[EventCountry "NET"]
[SourceTitle "playchess.com"]
[Source "ChessBase"]
[SourceQuality "1"]
[TimeControl "180+2"]

1. e4 e5 2. Nf3 Nc6 3. d4 exd4 4. Nxd4 Nf6 5. Nc3 Bb4 6. Nxc6 bxc6 7. Bd3 d5 8. exd5 cxd5 9. O-O O-O 10. Bg5 Be7 11. Re1 c6 12. Qf3 Be6 13. h3 Rb8 14. Rab1 Re8 15. Ne2 Nd7 16. Bxe7 Qxe7 17. Nd4 Qd6 18. Qh5 g6 19. Qf3 Ne5 20. Qg3 Bd7 21. b3 c5 22. Nf3 Nxf3+ 23. Qxf3 Bc6 24. Qg4 Bd7 25. Qf3 Bc6 26. Qg4 Re7 27. h4 Rbe8 28. Rxe7 Qxe7 29. h5 Qd7 30. Qg3 d4 31. hxg6 hxg6 32. b4 cxb4 33. Rxb4 Qe7 34. Rb1 Qe6 35. a3 Bd5 36. Rb8 Bc4 37. Rxe8+ Qxe8 38. Bxc4 Qe1+ 39. Kh2 1-0

[Event "Queens Festival Europe 2022"]
[Site "Tornelo"]
[Date "2022.06.19"]
[Round "6.4"]
[White "Omeri, Eklea"]
[Black "Stadlinger, Lea"]
[Result "1/2-1/2"]
[ECO "D41"]
[WhiteElo "1525"]
[BlackElo "1723"]
[Annotator "NA RC"]
[PlyCount "57"]
[EventDate "2022.06.19"]
[EventType "swiss"]
[EventCountry "NET"]
[SourceTitle "playchess.com"]
[Source "ChessBase"]
[SourceQuality "1"]
[TimeControl "180+2"]

1. d4 d5 2. c4 e6 3. Nc3 Nf6 4. Nf3 c5 5. cxd5 Nxd5 6. Nxd5 Qxd5 7. e3 Nc6 8. Bb5 Bd7 9. Bxc6 Bxc6 10. O-O O-O-O 11. Bd2 Qd7 12. Bc3 f6 13. dxc5 Qxd1 14. Raxd1 Bxc5 15. Nd4 Bxd4 16. Bxd4 b6 17. a3 e5 18. Bc3 Ba4 19. Rc1 Kb7 20. Bb4 Rd3 21. Rc3 Rhd8 22. Rxd3 Rxd3 23. Bc3 Rd1 24. Rxd1 Bxd1 25. Kf1 Bb3 26. Ke1 Bd5 27. g3 Kc6 28. f4 exf4 29. exf4 1/2-1/2

[Event "Queens Festival Europe 2022"]
[Site "Tornelo"]
[Date "2022.06.19"]
[Round "6.5"]
[White "Kordzadze, Nino"]
[Black "Kanyamarala, Trisha"]
[Result "1-0"]
[ECO "A07"]
[WhiteElo "2043"]
[BlackElo "2127"]
[Annotator "NA RC"]
[PlyCount "105"]
[EventDate "2022.06.19"]
[EventType "swiss"]
[EventCountry "NET"]
[SourceTitle "playchess.com"]
[Source "ChessBase"]
[SourceQuality "1"]
[TimeControl "180+2"]

1. g3 d5 2. Bg2 Nf6 3. Nf3 b5 4. O-O e6 5. b3 Bb7 6. Bb2 Be7 7. d4 Nbd7 8. Nbd2 c5 9. e3 c4 10. c3 a5 11. a4 b4 12. bxc4 Ba6 13. cxb4 axb4 14. Ne5 Nxe5 15. dxe5 Nd7 16. Qg4 O-O 17. Rfc1 Nc5 18. cxd5 Nd3 19. Bd4 exd5 20. Rc6 Bb7 21. Rc2 Rc8 22. Rxc8 Bxc8 23. Qe2 Nc5 24. Qb5 Ba6 25. Qc6 Bb7 26. Qb5 Ba8 27. Bxc5 Bxc5 28. Qxc5 Qd7 29. Qxb4 Rc8 30. Nf3 Qc6 31. Nd4 Qa6 32. Rb1 h6 33. Qb5 Qa7 34. a5 Qe7 35. a6 Qxe5 36. Qb6 Qe7 37. a7 Qd7 38. Nb5 d4 39. Bxa8 Rxa8 40. Qb8+ Rxb8 41. axb8=Q+ Kh7 42. Nxd4 Qd5 43. Qb3 Qe4 44. Qb2 g6 45. Qc2 Qd5 46. Rb6 h5 47. Rc6 Qa5 48. Rc7 Qa1+ 49. Kg2 Qa8+ 50. Nc6 Qa3 51. Rxf7+ Kh6 52. Rf6 Qa8 53. Qxg6# 1-0

[Event "Queens Festival Europe 2022"]
[Site "Tornelo"]
[Date "2022.06.19"]
[Round "6.5"]
[White "Grimaldi, Angela Flavia"]
[Black "Stastna, Martina"]
[Result "0-1"]
[ECO "C54"]
[WhiteElo "1995"]
[BlackElo "1912"]
[Annotator "NA RC"]
[PlyCount "72"]
[EventDate "2022.06.19"]
[EventType "swiss"]
[EventCountry "NET"]
[SourceTitle "playchess.com"]
[Source "ChessBase"]
[SourceQuality "1"]
[TimeControl "180+2"]

1. e4 e5 2. Nf3 Nc6 3. Bc4 Nf6 4. d3 Bc5 5. c3 d6 6. Nbd2 Bg4 7. h3 Be6 8. O-O O-O 9. a4 a5 10. Re1 Re8 11. Nf1 Bxc4 12. dxc4 Nd7 13. Ne3 Ne7 14. Nh4 Nb6 15. b3 Nd7 16. Nhf5 Nxf5 17. Nxf5 Qf6 18. Qf3 Re6 19. h4 g6 20. Nh6+ Kg7 21. Qxf6+ Rxf6 22. Ng4 Re6 23. Be3 Bxe3 24. Rxe3 Nc5 25. Rb1 Rb8 26. Ree1 Ree8 27. Ne3 c6 28. f3 Nd3 29. Red1 Nf4 30. Rxd6 Ne2+ 31. Kf2 Nxc3 32. Rc1 Na2 33. Rcd1 Nb4 34. Rd7 Kf8 35. Ng4 Re7 36. Rd8+ Re8 0-1

[Event "Queens Festival Europe 2022"]
[Site "Tornelo"]
[Date "2022.06.19"]
[Round "6.5"]
[White "Vukosavljevic, Tatjana"]
[Black "van den Brink, Nienke"]
[Result "1/2-1/2"]
[ECO "A89"]
[WhiteElo "1758"]
[BlackElo "1771"]
[Annotator "NA RC"]
[PlyCount "137"]
[EventDate "2022.06.19"]
[EventType "swiss"]
[EventCountry "NET"]
[SourceTitle "playchess.com"]
[Source "ChessBase"]
[SourceQuality "1"]
[TimeControl "180+2"]

1. Nf3 f5 2. g3 Nf6 3. Bg2 d6 4. d4 g6 5. O-O Bg7 6. c4 O-O 7. Nc3 Nc6 8. Re1 Ne4 9. e3 Na5 10. Nxe4 fxe4 11. Nd2 e5 12. dxe5 Bxe5 13. Nxe4 Be6 14. c5 d5 15. Nc3 Qf6 16. Rf1 c6 17. Bd2 Nc4 18. Ne2 Nxb2 19. Qb3 Nc4 20. Rad1 Nxd2 21. Rxd2 Qf7 22. Nd4 Bxd4 23. exd4 Rae8 24. Rb2 Re7 25. a4 Bf5 26. a5 Be4 27. Bxe4 dxe4 28. Qxf7+ Rfxf7 29. Rfb1 Kg7 30. Re1 Rf8 31. Re3 Rd8 32. Rb4 Kf6 33. Kg2 Kf5 34. h4 Red7 35. f3 Rxd4 36. Rxb7 Rd2+ 37. Kh3 exf3 38. Rxf3+ Ke4 39. Rf1 Rc2 40. Rxa7 Rdd2 41. Rh1 Rxc5 42. a6 Ra2 43. Re7+ Re5 44. a7 Rxe7 45. Re1+ Kd5 46. Rxe7 Kd6 47. Rxh7 c5 48. Kg4 Kc6 49. Kg5 Kb6 50. Kxg6 c4 51. h5 c3 52. Rh8 Kxa7 53. Rc8 Ra6+ 54. Kg5 Ra3 55. h6 Kb7 56. Rc4 Ra5+ 57. Kg4 Ra6 58. Rxc3 Rxh6 59. Rb3+ Kc7 60. Rc3+ Kd7 61. Rd3+ Ke7 62. Re3+ Kf7 63. Rf3+ Kg7 64. Kf4 Rf6+ 65. Ke3 Re6+ 66. Kf2 Rg6 67. g4 Rxg4 68. Rg3 Rxg3 69. Kxg3 1/2-1/2

[Event "Queens Festival Europe 2022"]
[Site "Tornelo"]
[Date "2022.06.19"]
[Round "6.5"]
[White "Hariharan, Shambavi"]
[Black "Pyun, Lindsay"]
[Result "1-0"]
[ECO "D10"]
[WhiteElo "1517"]
[BlackElo "1526"]
[Annotator "NA RC"]
[PlyCount "109"]
[EventDate "2022.06.19"]
[EventType "swiss"]
[EventCountry "NET"]
[SourceTitle "playchess.com"]
[Source "ChessBase"]
[SourceQuality "1"]
[TimeControl "180+2"]

1. d4 d5 2. Bf4 Nf6 3. e3 c6 4. c4 Bf5 5. Nc3 e6 6. Qb3 Qb6 7. c5 Qxb3 8. axb3 Be7 9. b4 Nh5 10. Bg3 Nxg3 11. hxg3 O-O 12. Nf3 Nd7 13. b5 f6 14. Be2 e5 15. O-O e4 16. Nd2 Rfb8 17. b4 Nf8 18. bxc6 bxc6 19. b5 Bd7 20. Rfb1 cxb5 21. Bxb5 Bxb5 22. Nxb5 a6 23. Nc7 Rxb1+ 24. Rxb1 Ra7 25. Nxd5 Bd8 26. Ra1 a5 27. Nxe4 Ne6 28. Ndc3 Nc7 29. Nd6 Kf8 30. Nc4 Ne6 31. Nb5 Ra6 32. Nbd6 a4 33. Kf1 Bc7 34. Ke2 Bxd6 35. Nxd6 Nc7 36. Nc4 Nb5 37. Kd3 a3 38. Kc2 Ra4 39. Kb3 Ra7 40. Nxa3 Nxa3 41. Rxa3 Rb7+ 42. Kc2 Ke7 43. Rc3 Ke6 44. e4 f5 45. f3 fxe4 46. fxe4 Rd7 47. d5+ Ke5 48. c6 Rc7 49. Kd3 g5 50. Ke3 h5 51. Rb3 Kd6 52. Kd4 Ra7 53. e5+ Kc7 54. Rb7+ Rxb7 55. cxb7 1-0

[Event "Queens Festival Europe 2022"]
[Site "Tornelo"]
[Date "2022.06.19"]
[Round "6.6"]
[White "Richtrova, Eliska"]
[Black "Machlik, Edit"]
[Result "1-0"]
[ECO "B10"]
[WhiteElo "2204"]
[BlackElo "2084"]
[Annotator "NA RC"]
[PlyCount "65"]
[EventDate "2022.06.19"]
[EventType "swiss"]
[EventCountry "NET"]
[SourceTitle "playchess.com"]
[Source "ChessBase"]
[SourceQuality "1"]
[TimeControl "180+2"]

1. e4 c6 2. d3 d5 3. Nd2 e5 4. Ngf3 Bd6 5. Be2 Nf6 6. O-O O-O 7. c3 Nbd7 8. Re1 Re8 9. Nf1 Nf8 10. Ng3 Qc7 11. Bg5 dxe4 12. dxe4 N6d7 13. Bc4 Nc5 14. Nf5 Nxe4 15. Nxg7 Kxg7 16. Rxe4 Bf5 17. Rh4 Ng6 18. Rh5 Bg4 19. Bh6+ Kg8 20. Rg5 Be6 21. Bxe6 Rxe6 22. Nd2 Be7 23. Rg3 Rd8 24. Qe2 Bf6 25. Ne4 Bg7 26. Bxg7 Kxg7 27. h4 Kh8 28. h5 Ne7 29. Ng5 Rf6 30. Qe4 Rf5 31. Re1 Qd6 32. Qxf5 Nxf5 33. Nxf7# 1-0

[Event "Queens Festival Europe 2022"]
[Site "Tornelo"]
[Date "2022.06.19"]
[Round "6.6"]
[White "Thornton, Filipina"]
[Black "Posadas, Rayelynn"]
[Result "0-1"]
[ECO "B43"]
[WhiteElo "1660"]
[BlackElo "1648"]
[Annotator "NA RC"]
[PlyCount "32"]
[EventDate "2022.06.19"]
[EventType "swiss"]
[EventCountry "NET"]
[SourceTitle "playchess.com"]
[Source "ChessBase"]
[SourceQuality "1"]
[TimeControl "180+2"]

1. e4 c5 2. Nf3 e6 3. d4 cxd4 4. Nxd4 a6 5. Nc3 Qc7 6. Be3 Nf6 7. f3 Bc5 8. Qd2 b5 9. g4 Qb6 10. Nce2 Bb7 11. e5 Nd5 12. c3 Nc6 13. O-O-O Nxe5 14. Bg2 Nc4 15. Qd3 Ncxe3 16. Qxe3 Nxe3 0-1

[Event "Queens Festival Europe 2022"]
[Site "Tornelo"]
[Date "2022.06.19"]
[Round "6.6"]
[White "Andries, Leia"]
[Black "Rashidova, Nargiz"]
[Result "1-0"]
[ECO "B01"]
[WhiteElo "1438"]
[BlackElo "1341"]
[Annotator "NA RC"]
[PlyCount "33"]
[EventDate "2022.06.19"]
[EventType "swiss"]
[EventCountry "NET"]
[SourceTitle "playchess.com"]
[Source "ChessBase"]
[SourceQuality "1"]
[TimeControl "180+2"]

1. e4 d5 2. exd5 Qxd5 3. Nc3 Qa5 4. d4 Nf6 5. Bd2 c6 6. Nf3 Bg4 7. Be2 Nbd7 8. h3 Bh5 9. Bc4 e6 10. O-O Qc7 11. Re1 Bd6 12. d5 cxd5 13. Bxd5 Nxd5 14. Nxd5 Qc6 15. Bc3 O-O 16. Qd4 e5 17. Nxe5 1-0

[Event "Queens Festival Europe 2022"]
[Site "Tornelo"]
[Date "2022.06.19"]
[Round "6.7"]
[White "Ayzenberg, Alena"]
[Black "Tsakona, Maria"]
[Result "0-1"]
[ECO "E11"]
[WhiteElo "2016"]
[BlackElo "2007"]
[Annotator "NA RC"]
[PlyCount "76"]
[EventDate "2022.06.19"]
[EventType "swiss"]
[EventCountry "NET"]
[SourceTitle "playchess.com"]
[Source "ChessBase"]
[SourceQuality "1"]
[TimeControl "180+2"]

1. d4 Nf6 2. c4 e6 3. Nf3 Bb4+ 4. Bd2 Qe7 5. Nc3 Bxc3 6. Bxc3 Ne4 7. Rc1 O-O 8. g3 d6 9. Bg2 Nxc3 10. Rxc3 e5 11. d5 a5 12. O-O Na6 13. a3 Bd7 14. Qb1 a4 15. e4 Nc5 16. Nd2 b5 17. cxb5 Bxb5 18. Rfc1 Rfb8 19. Qc2 Rb7 20. Bf1 Bxf1 21. Kxf1 Rab8 22. Nc4 h5 23. h4 Qd7 24. Kg2 Nb3 25. Re1 Nd4 26. Qd2 Qb5 27. Qd1 g6 28. g4 hxg4 29. Qxg4 Kg7 30. h5 Rh8 31. hxg6 fxg6 32. Rg3 Qe8 33. Ree3 Qf7 34. Rd3 Rbb8 35. Rd2 Rh6 36. Ne3 Rbh8 37. Rxd4 Rh2+ 38. Kf1 Qxf2# 0-1

[Event "Queens Festival Europe 2022"]
[Site "Tornelo"]
[Date "2022.06.19"]
[Round "6.7"]
[White "Roy, Ali"]
[Black "Sava, Ana-Maria"]
[Result "1/2-1/2"]
[ECO "A07"]
[WhiteElo "1893"]
[BlackElo "1916"]
[Annotator "NA RC"]
[PlyCount "64"]
[EventDate "2022.06.19"]
[EventType "swiss"]
[EventCountry "NET"]
[SourceTitle "playchess.com"]
[Source "ChessBase"]
[SourceQuality "1"]
[TimeControl "180+2"]

1. Nf3 g6 2. g3 Bg7 3. Bg2 d5 4. O-O Bg4 5. d3 e5 6. Nbd2 Nc6 7. Qe1 Nge7 8. a3 O-O 9. e4 dxe4 10. dxe4 Nd4 11. Nxd4 exd4 12. Nf3 c5 13. Bf4 Nc6 14. h3 Be6 15. Rd1 Bc4 16. c3 Bxf1 17. Bxf1 Qb6 18. cxd4 cxd4 19. b4 Rad8 20. Bc4 Rd7 21. b5 Na5 22. Bd5 Qxb5 23. Nxd4 Qc5 24. Be3 Qxa3 25. Ra1 Qd3 26. Rd1 Qa6 27. Ra1 Bxd4 28. Bxd4 Qd3 29. Rd1 Qa3 30. Ra1 Qd3 31. Rd1 Qa3 32. Ra1 Qd3 1/2-1/2

[Event "Queens Festival Europe 2022"]
[Site "Tornelo"]
[Date "2022.06.19"]
[Round "6.7"]
[White "Frundina, Yelyzaveta"]
[Black "Egger, Stefanie"]
[Result "1-0"]
[ECO "B01"]
[WhiteElo "1624"]
[BlackElo "1700"]
[Annotator "NA RC"]
[PlyCount "63"]
[EventDate "2022.06.19"]
[EventType "swiss"]
[EventCountry "NET"]
[SourceTitle "playchess.com"]
[Source "ChessBase"]
[SourceQuality "1"]
[TimeControl "180+2"]

1. Nf3 d5 2. e4 dxe4 3. Ng5 Nf6 4. Nc3 Bf5 5. d3 exd3 6. Bxd3 Bxd3 7. cxd3 e6 8. O-O Bd6 9. Nce4 O-O 10. Nf3 Nc6 11. Bg5 Be7 12. Re1 h6 13. Be3 Nd5 14. Bd2 Bb4 15. a3 Bxd2 16. Qxd2 Qe7 17. Rac1 Rad8 18. Nc3 Nb6 19. d4 Qd6 20. Red1 a6 21. Ne4 Qd5 22. Ng3 e5 23. Rc5 Qxc5 24. dxc5 Rxd2 25. Rxd2 Na4 26. Rd5 f6 27. Rd7 Nxc5 28. Rxc7 Nd3 29. Nf5 g6 30. Nxh6+ Kh8 31. Nh4 Nf4 32. g3 1-0

[Event "Queens Festival Europe 2022"]
[Site "Tornelo"]
[Date "2022.06.19"]
[Round "6.7"]
[White "Tani, Selina"]
[Black "Caku, Kler"]
[Result "0-1"]
[ECO "C22"]
[WhiteElo "1146"]
[BlackElo "1542"]
[Annotator "NA RC"]
[PlyCount "64"]
[EventDate "2022.06.19"]
[EventType "swiss"]
[EventCountry "NET"]
[SourceTitle "playchess.com"]
[Source "ChessBase"]
[SourceQuality "1"]
[TimeControl "180+2"]

1. e4 e5 2. d4 exd4 3. Qxd4 Nc6 4. Qe3 d6 5. Nc3 Nf6 6. Bd2 Be7 7. O-O-O Ng4 8. Qg3 Bh4 9. Qf4 Nxf2 10. g3 Nxd1 11. gxh4 Nxc3 12. Bxc3 f6 13. Qg3 Qe7 14. Bd3 Bd7 15. Qf2 O-O-O 16. h5 h6 17. Nf3 Kb8 18. Nd4 Nxd4 19. Bxd4 b6 20. Rg1 Bc6 21. Qf3 Rhe8 22. Re1 d5 23. e5 fxe5 24. Bxe5 Qg5+ 25. Kb1 Rxe5 26. Rxe5 Qxe5 27. a3 Qf6 28. Qg2 d4 29. Qd2 Re8 30. Qb4 Qd6 31. Qb3 Bd5 32. Qa4 Re1# 0-1

[Event "Queens Festival Europe 2022"]
[Site "Tornelo"]
[Date "2022.06.19"]
[Round "6.8"]
[White "Steffensen, Elena"]
[Black "Maksimovic, Suzana"]
[Result "0-1"]
[ECO "B23"]
[WhiteElo "2044"]
[BlackElo "2145"]
[Annotator "NA RC"]
[PlyCount "96"]
[EventDate "2022.06.19"]
[EventType "swiss"]
[EventCountry "NET"]
[SourceTitle "playchess.com"]
[Source "ChessBase"]
[SourceQuality "1"]
[TimeControl "180+2"]

1. e4 c5 2. Nc3 Nc6 3. f4 e6 4. Nf3 a6 5. Be2 d5 6. O-O d4 7. Nb1 Nf6 8. d3 b6 9. Nbd2 Bb7 10. e5 Nd5 11. Ne4 Be7 12. Qe1 g6 13. c3 h5 14. b4 dxc3 15. bxc5 bxc5 16. Nxc3 Ncb4 17. Bd1 Bc6 18. Nxd5 Qxd5 19. Bb3 Qxd3 20. Bd2 O-O 21. Rc1 Bb5 22. a3 Nd5 23. Rf2 Rfd8 24. Bc2 Qxa3 25. Ra1 Qb2 26. Rb1 Qxc2 27. Ba5 Qa4 28. Bxd8 Rxd8 29. Ra1 Qxf4 30. g3 Qe3 31. Qxe3 Nxe3 32. Ne1 c4 33. Rf3 Ng4 34. h3 Bc5+ 35. Kg2 Nxe5 36. Rf6 Rd2+ 37. Kf1 Kg7 38. Nf3 c3+ 39. Ke1 Kxf6 40. Nxd2 cxd2+ 41. Kxd2 g5 42. g4 hxg4 43. hxg4 Nxg4 44. Rh1 Kg6 45. Rh8 e5 46. Rg8+ Kf5 47. Rc8 Bd4 48. Rc7 f6 0-1

[Event "Queens Festival Europe 2022"]
[Site "Tornelo"]
[Date "2022.06.19"]
[Round "6.8"]
[White "Rahimli, Izzat"]
[Black "Cassi, Elisa"]
[Result "1-0"]
[ECO "D05"]
[WhiteElo "1817"]
[BlackElo "1999"]
[Annotator "NA RC"]
[PlyCount "107"]
[EventDate "2022.06.19"]
[EventType "swiss"]
[EventCountry "NET"]
[SourceTitle "playchess.com"]
[Source "ChessBase"]
[SourceQuality "1"]
[TimeControl "180+2"]

1. d4 d5 2. Nf3 Nf6 3. e3 e6 4. Bd3 c5 5. b3 Bd6 6. Bb2 O-O 7. O-O a6 8. c4 Nc6 9. a3 Qe7 10. Nbd2 b6 11. Ne5 Bb7 12. f4 Rfd8 13. cxd5 exd5 14. Rf3 b5 15. Rh3 c4 16. Bxh7+ Nxh7 17. Qh5 Qf6 18. Qxh7+ Kf8 19. Ndf3 Ke7 20. Qc2 Na5 21. b4 Nb3 22. Ra2 a5 23. bxa5 Rxa5 24. Bc3 Rxa3 25. Rxa3 Bxa3 26. Ng5 Bc8 27. Rf3 Bf5 28. Qa2 b4 29. Be1 Bg6 30. h4 Nxd4 31. exd4 c3 32. Bxc3 bxc3 33. Qxa3+ Ke8 34. Qa4+ Kf8 35. Rxc3 Be4 36. Qb4+ Kg8 37. Nxe4 dxe4 38. Qc5 Qxf4 39. Qc7 Rf8 40. Nd7 Re8 41. Qxf4 e3 42. Rxe3 Rd8 43. Rf3 f6 44. Qe4 Kf7 45. d5 Rxd7 46. Qe6+ Kf8 47. Qxd7 Kg8 48. d6 Kh7 49. Qe6 Kh6 50. Rg3 Kh7 51. Qf7 Kh6 52. Qxg7+ Kh5 53. Qg6+ Kxh4 54. Qg4# 1-0

[Event "Queens Festival Europe 2022"]
[Site "Tornelo"]
[Date "2022.06.19"]
[Round "6.9"]
[White "Stewart-Bermann, Tanya"]
[Black "Arora, Tashika"]
[Result "0-1"]
[ECO "D02"]
[WhiteElo "1863"]
[BlackElo "1822"]
[Annotator "NA RC"]
[PlyCount "70"]
[EventDate "2022.06.19"]
[EventType "swiss"]
[EventCountry "NET"]
[SourceTitle "playchess.com"]
[Source "ChessBase"]
[SourceQuality "1"]
[TimeControl "180+2"]

1. d4 Nf6 2. Bf4 d5 3. e3 g6 4. Nd2 Bg7 5. Ngf3 O-O 6. Bd3 c5 7. c3 cxd4 8. exd4 Nc6 9. Qc2 Bd7 10. O-O-O Rc8 11. Kb1 a6 12. h4 Nb4 13. cxb4 Rxc2 14. Bxc2 Ng4 15. Bg3 h5 16. Ne5 Nxe5 17. Bxe5 f6 18. Bf4 f5 19. Nf3 Qb6 20. Be3 Qxb4 21. Rhe1 e6 22. Ng5 Re8 23. f3 a5 24. a3 Qb6 25. g4 e5 26. gxf5 exd4 27. Bc1 Rxe1 28. Rxe1 gxf5 29. Ka2 Qd6 30. Bb3 a4 31. Bc2 Bb5 32. f4 Bc4+ 33. Ka1 d3 34. Bd1 Qxa3+ 35. Kb1 Qa2# 0-1

[Event "Queens Festival Europe 2022"]
[Site "Tornelo"]
[Date "2022.06.19"]
[Round "6.10"]
[White "Farzaliyeva, Shams"]
[Black "Bruntse, Caroline Lindegaard"]
[Result "1-0"]
[ECO "D60"]
[WhiteElo "1219"]
[BlackElo "1503"]
[Annotator "NA RC"]
[PlyCount "143"]
[EventDate "2022.06.19"]
[EventType "swiss"]
[EventCountry "NET"]
[SourceTitle "playchess.com"]
[Source "ChessBase"]
[SourceQuality "1"]
[TimeControl "180+2"]

1. d4 d5 2. c4 e6 3. Nc3 c5 4. Nf3 Nf6 5. Bg5 Be7 6. e3 O-O 7. Bd3 Nbd7 8. O-O h6 9. Bh4 Rb8 10. Qe2 b6 11. Rfd1 Bb7 12. Bg3 Rc8 13. Nb5 a6 14. Nd6 Bxd6 15. Bxd6 Re8 16. cxd5 Nxd5 17. Bxa6 Bxa6 18. Qxa6 N7f6 19. dxc5 bxc5 20. Be5 Ra8 21. Qc4 Qa5 22. e4 Nb6 23. Qc3 Qxc3 24. Bxc3 Nxe4 25. Be5 Nc4 26. b3 Nxe5 27. Nxe5 Nc3 28. Rd2 Nb5 29. a4 Nc7 30. Rc1 Na6 31. Nd3 Rec8 32. Rdc2 Rab8 33. Nxc5 Nxc5 34. Rxc5 Rxc5 35. Rxc5 Rxb3 36. h3 Ra3 37. Ra5 Kf8 38. Ra7 Ke8 39. f3 g6 40. Kf2 Rd3 41. g4 Rd7 42. Rxd7 Kxd7 43. Ke3 Kc6 44. Kd4 Kb6 45. Ke5 Ka5 46. Kf6 Kxa4 47. Kxf7 e5 48. Kxg6 Kb4 49. Kxh6 Kc4 50. g5 Kd4 51. g6 Ke3 52. g7 Kxf3 53. g8=Q e4 54. Kg5 e3 55. Qe6 e2 56. h4 Kf2 57. Qxe2+ Kxe2 58. h5 Ke3 59. h6 Ke4 60. h7 Ke5 61. h8=Q+ Ke6 62. Qf6+ Kd5 63. Kf4 Kc4 64. Qd6 Kc3 65. Ke4 Kc2 66. Ke3 Kc1 67. Ke2 Kc2 68. Qc5+ Kb1 69. Kd2 Kb2 70. Qb5+ Ka1 71. Kc2 Ka2 72. Qb2# 1-0

[Event "Queens Festival Europe 2022"]
[Site "Tornelo"]
[Date "2022.06.19"]
[Round "6.12"]
[White "Jithendra, Raina"]
[Black "Jafarova, Aysel"]
[Result "0-1"]
[ECO "B02"]
[WhiteElo "1306"]
[BlackElo "1481"]
[Annotator "NA RC"]
[PlyCount "80"]
[EventDate "2022.06.19"]
[EventType "swiss"]
[EventCountry "NET"]
[SourceTitle "playchess.com"]
[Source "ChessBase"]
[SourceQuality "1"]
[TimeControl "180+2"]

1. e4 d5 2. exd5 Nf6 3. Nc3 Nxd5 4. Nf3 g6 5. d4 Bg7 6. Be3 O-O 7. Bc4 c6 8. Nxd5 cxd5 9. Bb3 Bg4 10. h3 Bxf3 11. Qxf3 e6 12. O-O Nc6 13. Rfd1 a5 14. c3 a4 15. Bc2 b6 16. b3 axb3 17. axb3 Qc7 18. Bf4 Qb7 19. Qe3 Rxa1 20. Rxa1 Ra8 21. Rxa8+ Qxa8 22. Bh6 Qa1+ 23. Kh2 Bxh6 24. Qxh6 Qxc3 25. Bd1 Qxd4 26. Qc1 Na5 27. Qc8+ Kg7 28. Qc7 Qxd1 29. Qxb6 Qd2 30. b4 Nc4 31. Qc5 Qf4+ 32. Kg1 Qc1+ 33. Kh2 Qd2 34. f3 Ne3 35. Kg3 Qxg2+ 36. Kf4 Nf5 37. Qc3+ Kh6 38. Ke5 Qg3+ 39. Kf6 Qg5+ 40. Ke5 Ne7+ 0-1

[Event "Queens Festival Europe 2022"]
[Site "Tornelo"]
[Date "2022.06.19"]
[Round "6.16"]
[White "Patel, Diah Dipal"]
[Black "Ismayilova, Salbinaz"]
[Result "0-1"]
[ECO "C45"]
[WhiteElo "1313"]
[BlackElo "1090"]
[Annotator "NA RC"]
[PlyCount "110"]
[EventDate "2022.06.19"]
[EventType "swiss"]
[EventCountry "NET"]
[SourceTitle "playchess.com"]
[Source "ChessBase"]
[SourceQuality "1"]
[TimeControl "180+2"]

1. e4 e5 2. Nf3 Nc6 3. Nc3 Nf6 4. d4 exd4 5. Nxd4 Nxd4 6. Qxd4 d6 7. Bc4 Be7 8. Bg5 O-O 9. O-O-O Be6 10. e5 Nd7 11. exd6 cxd6 12. Bxe7 Qxe7 13. Rde1 Ne5 14. f4 Nxc4 15. Qxc4 Bxc4 16. Rxe7 Rab8 17. h4 Be6 18. Rf1 Rfe8 19. Rc7 Rec8 20. Re7 Re8 21. Rc7 Rec8 22. Rxc8+ Rxc8 23. f5 Bc4 24. Rf4 h6 25. g4 Ba6 26. g5 hxg5 27. hxg5 b6 28. Nd5 Re8 29. f6 Bb7 30. Ne7+ Kf8 31. Rh4 Rxe7 32. fxe7+ Kxe7 33. Rh7 g6 34. a3 Bd5 35. Rh4 Ke6 36. b4 Kf5 37. a4 Kxg5 38. Rd4 Bc6 39. b5 Bb7 40. Rxd6 f5 41. Rd7 Be4 42. Re7 Bd5 43. Rxa7 f4 44. Re7 f3 45. Re1 Kg4 46. Kd2 Bc4 47. Re4+ Kg3 48. Ke3 Bd5 49. Rf4 g5 50. Rf8 g4 51. Rf6 Kg2 52. a5 g3 53. axb6 f2 54. b7 Bxb7 55. Ke2 Kh3 0-1

[Event "Queens Festival Europe 2022"]
[Site "Tornelo"]
[Date "2022.06.19"]
[Round "7.1"]
[White "Okuyaz, Duru"]
[Black "Ibrahimova, Sabina"]
[Result "1-0"]
[ECO "B38"]
[WhiteElo "2090"]
[BlackElo "2146"]
[Annotator "NA RC"]
[PlyCount "53"]
[EventDate "2022.06.19"]
[EventType "swiss"]
[EventCountry "NET"]
[SourceTitle "playchess.com"]
[Source "ChessBase"]
[SourceQuality "1"]
[TimeControl "180+2"]

1. e4 c5 2. Nf3 Nc6 3. d4 cxd4 4. Nxd4 g6 5. c4 Bg7 6. Be3 Nf6 7. Nc3 O-O 8. Be2 d6 9. O-O Bd7 10. Qd2 Nxd4 11. Bxd4 Bc6 12. f3 a5 13. Rab1 Nd7 14. Bf2 Nc5 15. b3 e6 16. Rfd1 Be5 17. a3 Qf6 18. Na2 Rfd8 19. b4 axb4 20. axb4 Na4 21. Be3 Nc3 22. Nxc3 Bxc3 23. Qc1 Qg7 24. b5 Be8 25. Bb6 Rd7 26. Rd3 Bf6 27. Qd1 1-0